Mustangs vs Demolitions
Created - November 24, 2019 at 20:37
Goals
|
Mustangs |
1 |
4 |
4 |
9 |
Demolitions |
1 |
3 |
1 |
5 |
|
Shots
|
Mustangs |
11 |
13 |
19 |
43 |
Demolitions |
4 |
14 |
10 |
28 |
|
1st period
1. Mustangs , Max Gortz 5 (Iven Barbashev 1, Ryan Pulock 3) at 5:46
2. Demolitions , Alex Hutchings 1 (Phil McRae 3, Nikita Tryamkin 5) at 9:46
Penalties :
Robert Bortuzzo (Vic) for Roughing (Minor) at 6:58, Jake Muzzin (Vic) for Holding (Minor) at 14:23
2nd period
3. Mustangs , Josh Jooris 1 (Melker Karlsson 12) at 0:04
4. Mustangs , Craig Smith 9 (Stefan Matteau 8, Alexei Marchenko 11) at 0:33
5. Mustangs , Melker Karlsson 11 (Josh Jooris 1, Scott Mayfield 6) at 7:44
6. Demolitions , Cameron Schilling 4 (Phil Di Giuseppe 6, J.T. Brown 13) at 12:02
7. Mustangs , Melker Karlsson 12 (Joshua Leivo 7, Alexei Marchenko 12) at 13:02 (PP)
8. Demolitions , Alex Hutchings 2 (Jake Muzzin 9, Robert Bortuzzo 5) at 18:09
9. Demolitions , J.T. Brown 8 (Phil Di Giuseppe 7) at 18:42
Penalties :
Craig Smith (Ham) for Hooking (Minor) at 1:10, Colton Gillies (Vic) for Hooking (Minor) at 12:46, Colton Gillies (Vic) for Hooking (Minor) at 14:25, Lane MacDermid (Vic) for Cross-checking (Minor) at 19:04
3rd period
10. Mustangs , Melker Karlsson 13 (Alexei Marchenko 13) at 0:06 (PP)
11. Demolitions , Andrej Nestrasil 6 (Cameron Schilling 6, J.T. Brown 14) at 1:23
12. Mustangs , Max Gortz 6 (Iven Barbashev 2, Danny Biega 5) at 4:22
13. Mustangs , Max Gortz 7 (Alexei Marchenko 14, Iven Barbashev 3) at 11:34
14. Mustangs , Iven Barbashev 3 (Max Gortz 5) at 19:55
Penalties :
Alexei Marchenko (Ham) for Tripping (Minor) at 1:45, Jonathan Blum (Vic) for Slashing (Minor) at 4:27, Nikita Tryamkin (Vic) for Cross-checking (Minor) at 7:56
Goalie Stats
Chet Pickard (Ham), 23 saves from 28 shots - (0.821), W, 5-5-0, 60:00 minutes
Antti Raanta (Vic), 21 saves from 26 shots - (0.808), L, 5-1-0, 32:16 minutes
Brandon Halverson (Vic), 13 saves from 17 shots - (0.765), 27:44 minutes
Players Stats for Mustangs
Player Name G A P +/- PIM S H SB GA TA FO MP PP MP PK MP
------------------------------------------------------------------------------------
Alex Tuch 0 0 0 0 0 2 1 0 0 1 0/0 16:06 6:07 0:00
Alexei Marchenko 0 4 4 3 2 2 1 1 1 4 0/0 26:23 6:35 0:55
Ben Harpur 0 0 0 -2 0 1 2 1 0 2 0/0 22:11 4:38 1:43
Craig Smith 1 0 1 -2 2 5 0 2 0 0 0/1 18:19 4:49 1:07
Danny Biega 0 1 1 1 0 1 0 0 0 0 0/0 11:07 0:00 1:00
Iven Barbashev 1 3 4 2 0 2 1 1 0 0 0/2 8:01 0:00 0:00
Josh Jooris 1 1 2 2 0 2 3 0 0 2 1/3 14:40 0:17 0:00
Joshua Leivo 0 1 1 2 0 3 0 0 0 0 3/3 22:33 6:07 1:49
JT Compher 0 0 0 -1 0 2 0 0 1 0 0/0 17:12 4:48 0:08
Matthew Finn 0 0 0 1 0 2 0 1 0 0 0/0 10:27 0:00 0:20
Max Gortz 3 1 4 2 0 5 0 1 0 0 0/0 8:01 0:00 0:00
Melker Karlsson 3 1 4 2 0 10 1 0 2 0 28/42 22:37 6:22 2:07
Michael McCarron 0 0 0 2 0 1 1 1 0 0 0/0 8:18 0:02 0:11
Nick Schmaltz 0 0 0 -1 0 0 0 0 1 0 2/4 10:44 0:00 0:00
Ryan Pulock 0 1 1 -2 0 1 3 1 0 1 0/0 24:54 6:35 1:43
Scott Mayfield 0 1 1 3 0 2 2 1 0 0 0/0 24:59 4:38 2:15
Stefan Matteau 0 1 1 -1 0 2 1 0 0 0 2/4 18:21 4:49 1:40
Tuomo Ruutu 0 0 0 -1 0 0 3 2 0 1 0/0 11:07 0:18 0:54
Players Stats for Demolitions
Player Name G A P +/- PIM S H SB GA TA FO MP PP MP PK MP
------------------------------------------------------------------------------------
Alex Hutchings 2 0 2 1 0 3 0 2 0 0 0/0 11:41 0:00 1:54
Andrej Nestrasil 1 0 1 0 0 2 3 0 0 0 5/8 13:48 1:49 0:07
Cameron Schilling 1 1 2 -1 0 4 2 2 1 2 0/0 29:03 2:36 6:52
Colton Gillies 0 0 0 -2 4 1 3 1 1 0 9/28 20:18 2:09 2:49
J.T. Brown 1 2 3 0 0 4 2 1 3 0 1/2 19:49 1:49 6:00
Jake Muzzin 0 1 1 0 2 2 2 0 0 1 0/0 18:40 1:22 3:17
Jared Staal 0 0 0 1 0 2 0 0 0 0 0/0 12:08 0:00 2:21
Jonathan Blum 0 0 0 -2 2 0 3 1 1 1 0/0 24:30 2:36 5:25
Lane MacDermid 0 0 0 -2 2 2 0 1 0 0 0/3 20:45 2:09 3:15
Michael Bunting 0 0 0 -1 0 0 0 0 0 0 0/1 7:40 0:00 0:00
Michael Prapavessis 0 0 0 1 0 0 0 0 0 0 0/0 4:36 0:00 1:08
Mitch Callahan 0 0 0 -1 0 1 1 1 1 0 0/0 7:40 0:00 0:00
Nick Shore 0 0 0 -1 0 3 3 0 1 1 1/2 7:40 0:00 0:00
Nikita Tryamkin 0 1 1 -1 2 0 0 1 0 0 0/0 11:19 0:00 0:00
Phil Di Giuseppe 0 2 2 0 0 1 2 1 1 0 1/1 13:41 1:49 0:00
Phil McRae 0 1 1 1 0 1 0 0 1 0 3/5 9:41 0:00 0:00
Robert Bortuzzo 0 1 1 0 2 1 1 2 0 0 0/0 18:44 1:22 3:17
Spencer Machacek 0 0 0 -2 0 1 1 2 1 0 3/9 23:18 2:09 6:00
Taylor Aronson 0 0 0 -1 0 0 0 1 0 0 0/0 13:39 0:00 2:27
3 Stars
1 - Melker Karlsson (Ham)
2 - Max Gortz (Ham)
3 - Iven Barbashev (Ham)
Power Play
Mustangs - 2 on 7 Attempt(s) - 28.57%
Demolitions - 0 on 2 Attempt(s) - 0.00%
Penalty Kill
Mustangs - 2 on 2 Attempt(s) - 100.00%
- Score 0 goal in Penalty Kill
Demolitions - 5 on 7 Attempt(s) - 71.43%
- Score 0 goal in Penalty Kill
Team Stat
Mustangs - Hits : 19 - Faceoff Wins : 36 - Blocked Shots : 12 - Penalty Minutes : 4
Demolitions - Hits : 23 - Faceoff Wins : 23 - Blocked Shots : 16 - Penalty Minutes : 14
Official
Referees : Unknown
Linesman : Unknown
Game Notes
Antti Raanta enters game at 7:44 of 2nd period
Melker Karlsson has scored a Hat Trick!
Max Gortz has scored a Hat Trick!
Finance
Level 1 -- Attendance: 1634 (81.70%) -- Ticket Income $42,484
Level 2 -- Attendance: 793 (79.30%) -- Ticket Income $7,137
Total Attendance: 2427 (80.90%)
Total Ticket Income: $49,621
Other Income: $2,481
Total Income: $52,102
Mustangs
5 vs 5 Forward
Center Left Wing Right Wing Time % Phy DF OF
1 Melker Karlsson Joshua Leivo Josh Jooris 40 1 2 2
2 Stefan Matteau JT Compher Craig Smith 30 1 2 2
3 Nick Schmaltz Tuomo Ruutu Alex Tuch 20 1 2 2
4 Iven Barbashev Michael McCarron Max Gortz 10 1 2 2
5 vs 5 Defense
Defense Defense Time % Phy DF OF
1 Alexei Marchenko Scott Mayfield 44 1 2 2
2 Ryan Pulock Ben Harpur 33 1 2 2
3 Matthew Finn Danny Biega 23 1 2 2
4 Alexei Marchenko Scott Mayfield 0 1 2 2
PowerPlay Forward
Center Left Wing Right Wing Time % Phy DF OF
1 Melker Karlsson Joshua Leivo Alex Tuch 60 1 2 2
2 Stefan Matteau JT Compher Craig Smith 40 1 2 2
PowerPlay Defense
Defense Defense Time % Phy DF OF
1 Alexei Marchenko Ryan Pulock 60 1 2 2
2 Scott Mayfield Ben Harpur 40 1 2 2
Penalty Kill 4 Players Forward
Center Wing Time % Phy DF OF
1 Melker Karlsson Craig Smith 60 1 2 2
2 Stefan Matteau Joshua Leivo 40 1 2 2
Penalty Kill 4 Players Defense
Defense Defense Time % Phy DF OF
1 Alexei Marchenko Scott Mayfield 60 1 2 2
2 Ryan Pulock Ben Harpur 40 1 2 2
Penalty Kill - 3 Players Forward
Forward Time % Phy DF OF
1 Melker Karlsson 60 1 2 2
2 Stefan Matteau 40 1 2 2
Penalty Kill - 3 Players Defense
Defense Defense Time % Phy DF OF
1 Alexei Marchenko Scott Mayfield 60 1 2 2
2 Ryan Pulock Ben Harpur 40 1 2 2
4 vs 4 Forward
Center Wing Time % Phy DF OF
1 Melker Karlsson Joshua Leivo 60 1 2 2
2 Stefan Matteau JT Compher 40 1 2 2
4 vs 4 Defense
Defense Defense Time % Phy DF OF
1 Alexei Marchenko Scott Mayfield 60 1 2 2
2 Ryan Pulock Ben Harpur 40 1 2 2
Last Minutes Offensive
Center Left Wing Right Wing Defense Defense
Melker Karlsson JT Compher Alex Tuch Alexei Marchenko Ryan Pulock
Last Minutes Defensive
Center Left Wing Right Wing Defense Defense
Melker Karlsson Joshua Leivo Craig Smith Alexei Marchenko Scott Mayfield
Goaltenders
Starting : Chet Pickard
Backup : Anthony Stolarz
Extra Forwards
Normal : Melker Karlsson, Stefan Matteau, Nick Schmaltz - PP : JT Compher, Alex Tuch - PK : Melker Karlsson
Extra Defensemen
Normal : Alexei Marchenko, Scott Mayfield, Ryan Pulock - PP : Scott Mayfield - PK : Alexei Marchenko, Danny Biega
Penalty Shots
Melker Karlsson, Alex Tuch, JT Compher, Joshua Leivo, Stefan Matteau
Scratches
Ryan Graves (Healthy), Curtis Hamilton (Healthy), Jim O'Brien (Healthy), Kurtis Gabriel (Healthy), Raphael Bussieres (Healthy)
Dakota Mermis (Lower Body Injury), Sam Kurker (Healthy), Josh Ho-Sang (Healthy), Brett Pollock (Healthy), Steven Spinner (Healthy)
Joacim Eriksson (Healthy)
Demolitions
5 vs 5 Forward
Center Left Wing Right Wing Time % Phy DF OF
1 Colton Gillies Lane MacDermid Spencer Machacek 40 1 2 2
2 Andrej Nestrasil Phil Di Giuseppe J.T. Brown 30 1 2 2
3 Phil McRae Alex Hutchings Jared Staal 20 1 2 2
4 Nick Shore Michael Bunting Mitch Callahan 10 1 2 2
5 vs 5 Defense
Defense Defense Time % Phy DF OF
1 Cameron Schilling Jonathan Blum 40 1 2 2
2 Jake Muzzin Robert Bortuzzo 30 1 2 2
3 Nikita Tryamkin Taylor Aronson 20 1 2 2
4 Michael Prapavessis Cameron Schilling 10 1 2 2
PowerPlay Forward
Center Left Wing Right Wing Time % Phy DF OF
1 Colton Gillies Lane MacDermid Spencer Machacek 60 1 2 2
2 Andrej Nestrasil Phil Di Giuseppe J.T. Brown 40 1 2 2
PowerPlay Defense
Defense Defense Time % Phy DF OF
1 Cameron Schilling Jonathan Blum 60 1 2 2
2 Jake Muzzin Robert Bortuzzo 40 1 2 2
Penalty Kill 4 Players Forward
Center Wing Time % Phy DF OF
1 Spencer Machacek J.T. Brown 60 1 2 2
2 Lane MacDermid Colton Gillies 40 1 2 2
Penalty Kill 4 Players Defense
Defense Defense Time % Phy DF OF
1 Cameron Schilling Jonathan Blum 60 1 2 2
2 Jake Muzzin Robert Bortuzzo 40 1 2 2
Penalty Kill - 3 Players Forward
Forward Time % Phy DF OF
1 Spencer Machacek 60 1 2 2
2 J.T. Brown 40 1 2 2
Penalty Kill - 3 Players Defense
Defense Defense Time % Phy DF OF
1 Cameron Schilling Jonathan Blum 60 1 2 2
2 Jake Muzzin Robert Bortuzzo 40 1 2 2
4 vs 4 Forward
Center Wing Time % Phy DF OF
1 Spencer Machacek J.T. Brown 60 1 2 2
2 Lane MacDermid Colton Gillies 40 1 2 2
4 vs 4 Defense
Defense Defense Time % Phy DF OF
1 Cameron Schilling Jonathan Blum 60 1 2 2
2 Jake Muzzin Robert Bortuzzo 40 1 2 2
Last Minutes Offensive
Center Left Wing Right Wing Defense Defense
Colton Gillies Lane MacDermid Spencer Machacek Cameron Schilling Jonathan Blum
Last Minutes Defensive
Center Left Wing Right Wing Defense Defense
Colton Gillies Lane MacDermid Spencer Machacek Cameron Schilling Jonathan Blum
Goaltenders
Starting : Brandon Halverson
Backup : Antti Raanta
Extra Forwards
Normal : Phil McRae, Nick Shore, Jared Staal - PP : Phil McRae, Nick Shore - PK : Jared Staal
Extra Defensemen
Normal : Nikita Tryamkin, Taylor Aronson, Michael Prapavessis - PP : Nikita Tryamkin - PK : Taylor Aronson, Michael Prapavessis
Penalty Shots
Spencer Machacek, J.T. Brown, Lane MacDermid, Colton Gillies, Andrej Nestrasil
Scratches
Ryan Olsen (Healthy), Thomas DiPauli (Healthy), Taylor Leier (Healthy), Daultan Leveillé (Lacerated Left Calf Injury), Colton Sceviour (Healthy)
Aaron Palushaj (Healthy), Nick Pryor (Healthy), Jaedon Descheneau (Healthy), Jake Paterson (Healthy), Francois Tremblay (Healthy)
% Time on Ice - Mustangs
Lines # - Real PCT - Wanted PCT - Time Play
Normal Forward
1 - 33% - 40% - 14:37
2 - 27% - 30% - 12:16
3 - 22% - 20% - 9:55
4 - 18% - 10% - 8:01
Normal Defense
1 - 42% - 44% - 18:52
2 - 35% - 33% - 15:50
3 - 23% - 23% - 10:07
4 - 0% - 0% - 0:00
PP Forward
1 - 57% - 60% - 6:24
2 - 43% - 40% - 4:49
PP Defense
1 - 59% - 60% - 6:35
2 - 41% - 40% - 4:38
PK Forward
1 - 92% - 60% - 3:39
2 - 8% - 40% - 0:19
PK Defense
1 - 57% - 60% - 2:15
2 - 43% - 40% - 1:43
PK3 Forward
1 - 0% - 60%
2 - 0% - 40%
PK3 Defense
1 - 0% - 60%
2 - 0% - 40%
44 Forward
1 - 0% - 60%
2 - 0% - 40%
44 Defense
1 - 0% - 60%
2 - 0% - 40%
Last Minute Offensive - 0:00
Last Minute Defensive - 0:00
Total
Forward - 60:00
Defense - 60:00
|
% Time on Ice - Demolitions
Lines # - Real PCT - Wanted PCT - Time Play
Normal Forward
1 - 34% - 40% - 15:15
2 - 27% - 30% - 12:13
3 - 22% - 20% - 9:41
4 - 17% - 10% - 7:40
Normal Defense
1 - 37% - 40% - 16:44
2 - 31% - 30% - 14:02
3 - 25% - 20% - 11:12
4 - 6% - 10% - 2:51
PP Forward
1 - 54% - 60% - 2:09
2 - 46% - 40% - 1:49
PP Defense
1 - 66% - 60% - 2:36
2 - 34% - 40% - 1:22
PK Forward
1 - 68% - 60% - 7:41
2 - 32% - 40% - 3:32
PK Defense
1 - 61% - 60% - 6:52
2 - 39% - 40% - 4:21
PK3 Forward
1 - 0% - 60%
2 - 0% - 40%
PK3 Defense
1 - 0% - 60%
2 - 0% - 40%
44 Forward
1 - 0% - 60%
2 - 0% - 40%
44 Defense
1 - 0% - 60%
2 - 0% - 40%
Last Minute Offensive - 0:00
Last Minute Defensive - 0:00
Total
Forward - 60:00
Defense - 60:00
|
Play-by-Play
1st period
0:01 of 1st period - Melker Karlsson wins face-off versus Colton Gillies in neutral zone.
0:26 of 1st period - Scott Mayfield is hit by Cameron Schilling and loses puck.
0:51 of 1st period - Wrist shot by Alex Hutchings.
0:51 of 1st period - Shot Blocked by Tuomo Ruutu.
1:07 of 1st period - Max Gortz is hit by Nick Shore and loses puck.
1:53 of 1st period - Slapshot by JT Compher.
1:53 of 1st period - Shot Misses the Net.
1:55 of 1st period - Snap shot by Craig Smith.
1:55 of 1st period - Stopped by Brandon Halverson with a rebound.
2:15 of 1st period - Jared Staal is hit by Tuomo Ruutu and loses puck.
3:03 of 1st period - Wrist shot by Spencer Machacek.
3:03 of 1st period - Stopped by Chet Pickard with a rebound.
3:27 of 1st period - Phil McRae is hit by Tuomo Ruutu and loses puck.
3:44 of 1st period - Slapshot by Mitch Callahan.
3:44 of 1st period - Deflect By Nick Shore.
3:44 of 1st period - Stopped by Chet Pickard without a rebound.
3:45 of 1st period - Melker Karlsson wins face-off versus Michael Bunting in Mustangs zone.
3:45 of 1st period - Melker Karlsson is hit by Jonathan Blum.
4:19 of 1st period - Snap shot by Spencer Machacek.
4:19 of 1st period - Shot Misses the Net.
4:40 of 1st period - Snap shot by Alex Tuch.
4:40 of 1st period - Stopped by Brandon Halverson with a rebound.
4:42 of 1st period - Slapshot by Danny Biega.
4:42 of 1st period - Shot Misses the Net.
4:52 of 1st period - Snap shot by Josh Jooris.
4:52 of 1st period - Deflect By Melker Karlsson.
4:52 of 1st period - Stopped by Brandon Halverson without a rebound.
4:53 of 1st period - Phil McRae wins face-off versus Melker Karlsson in Demolitions zone.
5:04 of 1st period - Jared Staal is hit by Josh Jooris and loses puck.
5:46 of 1st period - Slapshot by Max Gortz.
5:46 of 1st period - Goal by Max Gortz - Mustangs : 1 - Demolitions : 0.
5:47 of 1st period - Melker Karlsson wins face-off versus Colton Gillies in neutral zone.
6:06 of 1st period - Spencer Machacek is hit by Melker Karlsson and loses puck.
6:26 of 1st period - J.T. Brown is hit by Ryan Pulock and loses puck.
6:58 of 1st period - Minor Penalty to Robert Bortuzzo for Roughing.
6:59 of 1st period - Spencer Machacek wins face-off versus Melker Karlsson in Demolitions zone.
7:13 of 1st period - Snap shot by Melker Karlsson.
7:13 of 1st period - Shot Blocked by Cameron Schilling.
8:04 of 1st period - Ben Harpur is hit by Colton Gillies and loses puck.
8:58 of 1st period - Penalty to Robert Bortuzzo is over, Robert Bortuzzo is back on ice.
9:27 of 1st period - J.T. Brown is hit by Alex Tuch and loses puck.
9:46 of 1st period - Snap shot by Alex Hutchings.
9:46 of 1st period - Goal by Alex Hutchings - Mustangs : 1 - Demolitions : 1.
9:47 of 1st period - Colton Gillies wins face-off versus Melker Karlsson in neutral zone.
10:56 of 1st period - Icing by Lane MacDermid.
10:57 of 1st period - Joshua Leivo wins face-off versus Colton Gillies in Demolitions zone.
11:08 of 1st period - Slapshot by Josh Jooris.
11:08 of 1st period - Shot Blocked by Colton Gillies.
11:10 of 1st period - Snap shot by Josh Jooris.
11:10 of 1st period - Stopped by Brandon Halverson with a rebound.
11:12 of 1st period - Slapshot by Melker Karlsson.
11:12 of 1st period - Shot Blocked by Spencer Machacek.
11:24 of 1st period - Backhand shot by Andrej Nestrasil.
11:24 of 1st period - Shot Misses the Net.
11:26 of 1st period - Snap shot by J.T. Brown.
11:26 of 1st period - Shot Misses the Net.
11:28 of 1st period - Slapshot by Cameron Schilling.
11:28 of 1st period - Stopped by Chet Pickard with a rebound.
11:42 of 1st period - Snap shot by Alex Tuch.
11:42 of 1st period - Stopped by Brandon Halverson without a rebound.
11:43 of 1st period - Nick Schmaltz wins face-off versus Phil McRae in Demolitions zone.
11:56 of 1st period - Wrist shot by Tuomo Ruutu.
11:56 of 1st period - Shot Misses the Net.
11:58 of 1st period - Slapshot by Alexei Marchenko.
11:58 of 1st period - Shot Misses the Net.
12:33 of 1st period - Wrist shot by Iven Barbashev.
12:33 of 1st period - Shot Misses the Net.
12:35 of 1st period - Slapshot by Scott Mayfield.
12:35 of 1st period - Shot Blocked by Nikita Tryamkin.
12:37 of 1st period - Slapshot by Alexei Marchenko.
12:37 of 1st period - Shot Misses the Net.
12:39 of 1st period - Snap shot by Scott Mayfield.
12:39 of 1st period - Deflect By Max Gortz.
12:39 of 1st period - Stopped by Brandon Halverson with a rebound.
13:37 of 1st period - Slapshot by Max Gortz.
13:37 of 1st period - Deflect By Michael McCarron.
13:37 of 1st period - Stopped by Brandon Halverson with a rebound.
13:39 of 1st period - Wrist shot by Ryan Pulock.
13:39 of 1st period - Stopped by Brandon Halverson with a rebound.
13:41 of 1st period - Slapshot by Ryan Pulock.
13:41 of 1st period - Deflect By Iven Barbashev.
13:41 of 1st period - Shot Blocked by Alex Hutchings.
13:41 of 1st period - Puck is out of play.
13:42 of 1st period - Melker Karlsson wins face-off versus Colton Gillies in Demolitions zone.
14:23 of 1st period - Minor Penalty to Jake Muzzin for Holding.
14:24 of 1st period - Melker Karlsson wins face-off versus Spencer Machacek in Demolitions zone.
14:34 of 1st period - Snap shot by Joshua Leivo.
14:34 of 1st period - Stopped by Brandon Halverson with a rebound.
14:36 of 1st period - Snap shot by Joshua Leivo.
14:36 of 1st period - Stopped by Brandon Halverson with a rebound.
16:23 of 1st period - Penalty to Jake Muzzin is over, Jake Muzzin is back on ice.
16:32 of 1st period - Taylor Aronson is hit by Iven Barbashev and loses puck.
17:15 of 1st period - Spencer Machacek is hit by Josh Jooris and loses puck.
18:04 of 1st period - Alex Tuch is hit by Andrej Nestrasil and loses puck.
19:23 of 1st period - Iven Barbashev is hit by Nick Shore and loses puck.
19:48 of 1st period - Craig Smith is hit by Colton Gillies and loses puck.
Goals for this period are 1 for Mustangs vs 1 for Demolitions.
Shots for this period are 11 for Mustangs vs 4 for Demolitions.
2nd period
0:01 of 2nd period - Melker Karlsson wins face-off versus Colton Gillies in neutral zone.
0:04 of 2nd period - Snap shot by Josh Jooris.
0:04 of 2nd period - Goal by Josh Jooris - Mustangs : 2 - Demolitions : 1.
0:05 of 2nd period - Melker Karlsson wins face-off versus Colton Gillies in neutral zone.
0:21 of 2nd period - Wrist shot by Lane MacDermid.
0:21 of 2nd period - Stopped by Chet Pickard without a rebound.
0:22 of 2nd period - Stefan Matteau wins face-off versus Andrej Nestrasil in Mustangs zone.
0:33 of 2nd period - Snap shot by Craig Smith.
0:33 of 2nd period - Deflect By J.T. Brown.
0:33 of 2nd period - Goal by Craig Smith - Mustangs : 3 - Demolitions : 1.
0:34 of 2nd period - Joshua Leivo wins face-off versus Colton Gillies in neutral zone.
1:10 of 2nd period - Minor Penalty to Craig Smith for Hooking.
1:11 of 2nd period - Melker Karlsson wins face-off versus Lane MacDermid in Mustangs zone.
2:15 of 2nd period - Stefan Matteau is hit by Andrej Nestrasil and loses puck.
2:54 of 2nd period - J.T. Brown is hit by Ben Harpur and loses puck.
3:10 of 2nd period - Penalty to Craig Smith is over, Craig Smith is back on ice.
3:23 of 2nd period - Wrist shot by Max Gortz.
3:23 of 2nd period - Shot Blocked by Taylor Aronson.
3:25 of 2nd period - Snap shot by Craig Smith.
3:25 of 2nd period - Stopped by Brandon Halverson without a rebound.
3:26 of 2nd period - Phil McRae wins face-off versus Nick Schmaltz in Demolitions zone.
3:33 of 2nd period - Snap shot by Jared Staal.
3:33 of 2nd period - Stopped by Chet Pickard with a rebound.
3:35 of 2nd period - Slapshot by Alex Hutchings.
3:35 of 2nd period - Shot Misses the Net.
3:37 of 2nd period - Wrist shot by Jared Staal.
3:37 of 2nd period - Shot Misses the Net.
3:41 of 2nd period - Backhand shot by Phil McRae.
3:41 of 2nd period - Shot Misses the Net.
3:43 of 2nd period - Backhand shot by Nikita Tryamkin.
3:43 of 2nd period - Shot Hit the Post.
3:45 of 2nd period - Snap shot by Phil McRae.
3:45 of 2nd period - Stopped by Chet Pickard without a rebound.
3:46 of 2nd period - Nick Shore wins face-off versus Melker Karlsson in Mustangs zone.
4:35 of 2nd period - Snap shot by Ben Harpur.
4:35 of 2nd period - Shot Misses the Net.
4:37 of 2nd period - Slapshot by Ben Harpur.
4:37 of 2nd period - Deflect By J.T. Brown.
4:37 of 2nd period - Stopped by Brandon Halverson with a rebound.
4:39 of 2nd period - Slapshot by Ryan Pulock.
4:39 of 2nd period - Deflect By Max Gortz.
4:39 of 2nd period - Stopped by Brandon Halverson without a rebound.
4:40 of 2nd period - Andrej Nestrasil wins face-off versus Melker Karlsson in Demolitions zone.
5:07 of 2nd period - Cameron Schilling is hit by Ryan Pulock and loses puck.
5:57 of 2nd period - Taylor Aronson is hit by Michael McCarron and loses puck.
6:30 of 2nd period - Snap shot by Jonathan Blum.
6:30 of 2nd period - Deflect By Colton Gillies.
6:30 of 2nd period - Shot Blocked by Tuomo Ruutu.
6:30 of 2nd period - Puck is out of play.
6:31 of 2nd period - Colton Gillies wins face-off versus Nick Schmaltz in Mustangs zone.
6:32 of 2nd period - Wrist shot by Spencer Machacek.
6:32 of 2nd period - Shot Misses the Net.
6:38 of 2nd period - Ben Harpur is hit by Spencer Machacek and loses puck.
7:14 of 2nd period - Cameron Schilling is hit by Ryan Pulock.
7:32 of 2nd period - Slapshot by Cameron Schilling.
7:32 of 2nd period - Deflect By Spencer Machacek.
7:32 of 2nd period - Shot Blocked by Ben Harpur.
7:32 of 2nd period - Puck is out of play.
7:33 of 2nd period - Andrej Nestrasil wins face-off versus Melker Karlsson in Mustangs zone.
7:44 of 2nd period - Slapshot by Melker Karlsson.
7:44 of 2nd period - Goal by Melker Karlsson - Mustangs : 4 - Demolitions : 1.
7:44 of 2nd period - Antti Raanta enters game.
7:45 of 2nd period - Andrej Nestrasil wins face-off versus Josh Jooris in neutral zone.
8:00 of 2nd period - Snap shot by Joshua Leivo.
8:00 of 2nd period - Shot Misses the Net.
8:56 of 2nd period - Snap shot by Iven Barbashev.
8:56 of 2nd period - Shot Blocked by Mitch Callahan.
9:37 of 2nd period - Wrist shot by Stefan Matteau.
9:37 of 2nd period - Stopped by Antti Raanta with a rebound.
9:39 of 2nd period - Wrist shot by Craig Smith.
9:39 of 2nd period - Shot Blocked by Robert Bortuzzo.
9:41 of 2nd period - Slapshot by JT Compher.
9:41 of 2nd period - Stopped by Antti Raanta with a rebound.
9:43 of 2nd period - Wrist shot by Stefan Matteau.
9:43 of 2nd period - Stopped by Antti Raanta with a rebound.
9:45 of 2nd period - Snap shot by JT Compher.
9:45 of 2nd period - Stopped by Antti Raanta with a rebound.
9:47 of 2nd period - Slapshot by Craig Smith.
9:47 of 2nd period - Stopped by Antti Raanta with a rebound.
10:43 of 2nd period - Slapshot by Mitch Callahan.
10:43 of 2nd period - Shot Misses the Net.
10:51 of 2nd period - Snap shot by Nick Shore.
10:51 of 2nd period - Stopped by Chet Pickard with a rebound.
11:21 of 2nd period - Alexei Marchenko is hit by Jonathan Blum and loses puck.
11:26 of 2nd period - Backhand shot by Andrej Nestrasil.
11:26 of 2nd period - Stopped by Chet Pickard without a rebound.
11:27 of 2nd period - Andrej Nestrasil wins face-off versus Craig Smith in Mustangs zone.
11:30 of 2nd period - Snap shot by J.T. Brown.
11:30 of 2nd period - Stopped by Chet Pickard with a rebound.
11:58 of 2nd period - Snap shot by J.T. Brown.
11:58 of 2nd period - Stopped by Chet Pickard with a rebound.
12:00 of 2nd period - Snap shot by Phil Di Giuseppe.
12:00 of 2nd period - Stopped by Chet Pickard with a rebound.
12:02 of 2nd period - Slapshot by Cameron Schilling.
12:02 of 2nd period - Goal by Cameron Schilling - Mustangs : 4 - Demolitions : 2.
12:03 of 2nd period - Josh Jooris wins face-off versus Colton Gillies in neutral zone.
12:37 of 2nd period - Danny Biega is hit by Phil Di Giuseppe and loses puck.
12:41 of 2nd period - Icing by JT Compher.
12:42 of 2nd period - Stefan Matteau wins face-off versus Colton Gillies in Mustangs zone.
12:46 of 2nd period - Minor Penalty to Colton Gillies for Hooking.
12:47 of 2nd period - Melker Karlsson wins face-off versus Spencer Machacek in Demolitions zone.
13:02 of 2nd period - Wrist shot by Melker Karlsson.
13:02 of 2nd period - Goal by Melker Karlsson - Mustangs : 5 - Demolitions : 2.
13:03 of 2nd period - Melker Karlsson wins face-off versus Colton Gillies in neutral zone.
13:16 of 2nd period - Backhand shot by Lane MacDermid.
13:16 of 2nd period - Shot Blocked by Alexei Marchenko.
13:28 of 2nd period - Andrej Nestrasil is hit by Scott Mayfield and loses puck.
13:45 of 2nd period - Alex Tuch is hit by J.T. Brown and loses puck.
14:22 of 2nd period - Wrist shot by Iven Barbashev.
14:22 of 2nd period - Stopped by Antti Raanta without a rebound.
14:23 of 2nd period - Colton Gillies wins face-off versus Iven Barbashev in Demolitions zone.
14:25 of 2nd period - Minor Penalty to Colton Gillies for Hooking.
14:26 of 2nd period - Melker Karlsson wins face-off versus Spencer Machacek in Demolitions zone.
15:19 of 2nd period - Snap shot by Cameron Schilling.
15:19 of 2nd period - Shot Misses the Net.
16:19 of 2nd period - Lane MacDermid is hit by Tuomo Ruutu and loses puck.
16:25 of 2nd period - Penalty to Colton Gillies is over, Colton Gillies is back on ice.
17:23 of 2nd period - Wrist shot by Mitch Callahan.
17:23 of 2nd period - Stopped by Chet Pickard without a rebound.
17:24 of 2nd period - Nick Schmaltz wins face-off versus Nick Shore in Mustangs zone.
17:24 of 2nd period - Nick Schmaltz is hit by Robert Bortuzzo.
17:53 of 2nd period - Slapshot by Scott Mayfield.
17:53 of 2nd period - Shot Blocked by Lane MacDermid.
18:05 of 2nd period - Snap shot by Jake Muzzin.
18:05 of 2nd period - Shot Blocked by Max Gortz.
18:07 of 2nd period - Slapshot by Jake Muzzin.
18:07 of 2nd period - Stopped by Chet Pickard with a rebound.
18:09 of 2nd period - Snap shot by Jake Muzzin.
18:09 of 2nd period - Deflect By Alex Hutchings.
18:09 of 2nd period - Goal by Alex Hutchings - Mustangs : 5 - Demolitions : 3.
18:10 of 2nd period - Spencer Machacek wins face-off versus Melker Karlsson in neutral zone.
18:35 of 2nd period - Ben Harpur is hit by Phil Di Giuseppe and loses puck.
18:40 of 2nd period - Wrist shot by J.T. Brown.
18:40 of 2nd period - Stopped by Chet Pickard with a rebound.
18:42 of 2nd period - Snap shot by J.T. Brown.
18:42 of 2nd period - Goal by J.T. Brown - Mustangs : 5 - Demolitions : 4.
18:43 of 2nd period - Melker Karlsson wins face-off versus Colton Gillies in neutral zone.
19:04 of 2nd period - Minor Penalty to Lane MacDermid for Cross-checking.
19:05 of 2nd period - Spencer Machacek wins face-off versus Melker Karlsson in Demolitions zone.
Goals for this period are 4 for Mustangs vs 3 for Demolitions.
Shots for this period are 13 for Mustangs vs 14 for Demolitions.
3rd period
0:01 of 3rd period - Melker Karlsson wins face-off versus Spencer Machacek in neutral zone.
0:06 of 3rd period - Slapshot by Melker Karlsson.
0:06 of 3rd period - Goal by Melker Karlsson - Mustangs : 6 - Demolitions : 4.
0:07 of 3rd period - Joshua Leivo wins face-off versus Colton Gillies in neutral zone.
0:10 of 3rd period - Snap shot by Josh Jooris.
0:10 of 3rd period - Shot Misses the Net.
0:12 of 3rd period - Slapshot by Scott Mayfield.
0:12 of 3rd period - Shot Misses the Net.
0:14 of 3rd period - Wrist shot by Joshua Leivo.
0:14 of 3rd period - Stopped by Antti Raanta without a rebound.
0:15 of 3rd period - Colton Gillies wins face-off versus Melker Karlsson in Demolitions zone.
0:37 of 3rd period - Wrist shot by Josh Jooris.
0:37 of 3rd period - Shot Misses the Net.
0:44 of 3rd period - Off-side.
0:45 of 3rd period - Andrej Nestrasil wins face-off versus Stefan Matteau in neutral zone.
1:21 of 3rd period - Snap shot by Cameron Schilling.
1:21 of 3rd period - Stopped by Chet Pickard with a rebound.
1:23 of 3rd period - Snap shot by Andrej Nestrasil.
1:23 of 3rd period - Goal by Andrej Nestrasil - Mustangs : 6 - Demolitions : 5.
1:24 of 3rd period - Colton Gillies wins face-off versus Melker Karlsson in neutral zone.
1:45 of 3rd period - Minor Penalty to Alexei Marchenko for Tripping.
1:46 of 3rd period - Colton Gillies wins face-off versus Melker Karlsson in Mustangs zone.
1:51 of 3rd period - Snap shot by Colton Gillies.
1:51 of 3rd period - Stopped by Chet Pickard without a rebound.
1:52 of 3rd period - Melker Karlsson wins face-off versus Colton Gillies in Mustangs zone.
2:01 of 3rd period - Snap shot by Lane MacDermid.
2:01 of 3rd period - Deflect By Craig Smith.
2:01 of 3rd period - Shot Blocked by Craig Smith.
2:01 of 3rd period - Puck is out of play.
2:02 of 3rd period - Melker Karlsson wins face-off versus Lane MacDermid in Mustangs zone.
2:09 of 3rd period - Wrist shot by Craig Smith.
2:09 of 3rd period - Shot Blocked by Spencer Machacek.
2:15 of 3rd period - Craig Smith is hit by Colton Gillies and loses puck.
3:45 of 3rd period - Penalty to Alexei Marchenko is over, Alexei Marchenko is back on ice.
4:02 of 3rd period - Tuomo Ruutu is hit by Jake Muzzin and loses puck.
4:22 of 3rd period - Wrist shot by Max Gortz.
4:22 of 3rd period - Goal by Max Gortz - Mustangs : 7 - Demolitions : 5.
4:23 of 3rd period - Melker Karlsson wins face-off versus Colton Gillies in neutral zone.
4:27 of 3rd period - Minor Penalty to Jonathan Blum for Slashing.
4:28 of 3rd period - J.T. Brown wins face-off versus Melker Karlsson in Demolitions zone.
4:34 of 3rd period - Backhand shot by Spencer Machacek.
4:34 of 3rd period - Shot Blocked by Ryan Pulock.
4:37 of 3rd period - Icing by Melker Karlsson.
4:38 of 3rd period - Melker Karlsson wins face-off versus Spencer Machacek in Mustangs zone.
4:43 of 3rd period - Wrist shot by Alexei Marchenko.
4:43 of 3rd period - Stopped by Antti Raanta with a rebound.
4:45 of 3rd period - Slapshot by Alex Tuch.
4:45 of 3rd period - Shot Blocked by J.T. Brown.
4:47 of 3rd period - Snap shot by Joshua Leivo.
4:47 of 3rd period - Shot Misses the Net.
4:49 of 3rd period - Snap shot by Melker Karlsson.
4:49 of 3rd period - Stopped by Antti Raanta without a rebound.
4:50 of 3rd period - Melker Karlsson wins face-off versus Spencer Machacek in Demolitions zone.
5:15 of 3rd period - Cameron Schilling is hit by Alexei Marchenko.
6:27 of 3rd period - Penalty to Jonathan Blum is over, Jonathan Blum is back on ice.
6:37 of 3rd period - Snap shot by Iven Barbashev.
6:37 of 3rd period - Shot Misses the Net.
6:39 of 3rd period - Slapshot by Iven Barbashev.
6:39 of 3rd period - Shot Misses the Net.
6:41 of 3rd period - Snap shot by Max Gortz.
6:41 of 3rd period - Shot Misses the Net.
6:43 of 3rd period - Snap shot by Max Gortz.
6:43 of 3rd period - Shot Misses the Net.
7:01 of 3rd period - Snap shot by Jared Staal.
7:01 of 3rd period - Stopped by Chet Pickard without a rebound.
7:02 of 3rd period - Melker Karlsson wins face-off versus Andrej Nestrasil in Mustangs zone.
7:27 of 3rd period - Alex Hutchings is hit by Stefan Matteau and loses puck.
7:56 of 3rd period - Minor Penalty to Nikita Tryamkin for Cross-checking.
7:57 of 3rd period - Melker Karlsson wins face-off versus J.T. Brown in Demolitions zone.
8:04 of 3rd period - Slapshot by Joshua Leivo.
8:04 of 3rd period - Shot Misses the Net.
8:06 of 3rd period - Slapshot by Ryan Pulock.
8:06 of 3rd period - Shot Misses the Net.
8:22 of 3rd period - Craig Smith is hit by Jonathan Blum.
8:26 of 3rd period - Colton Gillies is hit by Scott Mayfield and loses puck.
8:55 of 3rd period - Stefan Matteau is hit by J.T. Brown and loses puck.
9:28 of 3rd period - Alexei Marchenko is hit by Cameron Schilling and loses puck.
9:46 of 3rd period - Icing by Scott Mayfield.
9:47 of 3rd period - Melker Karlsson wins face-off versus Lane MacDermid in Mustangs zone.
9:56 of 3rd period - Penalty to Nikita Tryamkin is over, Nikita Tryamkin is back on ice.
10:09 of 3rd period - Wrist shot by Alex Hutchings.
10:09 of 3rd period - Shot Misses the Net.
10:31 of 3rd period - Matthew Finn is hit by Mitch Callahan.
10:47 of 3rd period - Snap shot by Lane MacDermid.
10:47 of 3rd period - Stopped by Chet Pickard without a rebound.
10:48 of 3rd period - Colton Gillies wins face-off versus Iven Barbashev in Mustangs zone.
10:49 of 3rd period - Snap shot by Spencer Machacek.
10:49 of 3rd period - Shot Blocked by Scott Mayfield.
10:51 of 3rd period - Wrist shot by Robert Bortuzzo.
10:51 of 3rd period - Stopped by Chet Pickard with a rebound.
10:53 of 3rd period - Wrist shot by Spencer Machacek.
10:53 of 3rd period - Shot Misses the Net.
10:55 of 3rd period - Snap shot by Jake Muzzin.
10:55 of 3rd period - Stopped by Chet Pickard with a rebound.
10:57 of 3rd period - Snap shot by Colton Gillies.
10:57 of 3rd period - Shot Misses the Net.
10:59 of 3rd period - Slapshot by Jake Muzzin.
10:59 of 3rd period - Shot Blocked by Michael McCarron.
11:11 of 3rd period - Michael McCarron is hit by Jake Muzzin and loses puck.
11:16 of 3rd period - Snap shot by Cameron Schilling.
11:16 of 3rd period - Shot Blocked by Iven Barbashev.
11:22 of 3rd period - Snap shot by Iven Barbashev.
11:22 of 3rd period - Shot Misses the Net.
11:34 of 3rd period - Snap shot by Max Gortz.
11:34 of 3rd period - Goal by Max Gortz - Mustangs : 8 - Demolitions : 5.
11:35 of 3rd period - Melker Karlsson wins face-off versus Colton Gillies in neutral zone.
11:40 of 3rd period - Snap shot by Melker Karlsson.
11:40 of 3rd period - Stopped by Antti Raanta with a rebound.
12:31 of 3rd period - Ryan Pulock is hit by Nick Shore.
12:35 of 3rd period - Slapshot by Tuomo Ruutu.
12:35 of 3rd period - Shot Misses the Net.
12:55 of 3rd period - Wrist shot by Iven Barbashev.
12:55 of 3rd period - Shot Blocked by Alex Hutchings.
12:57 of 3rd period - Slapshot by Scott Mayfield.
12:57 of 3rd period - Stopped by Antti Raanta without a rebound.
12:58 of 3rd period - Melker Karlsson wins face-off versus Colton Gillies in Demolitions zone.
13:01 of 3rd period - Wrist shot by Josh Jooris.
13:01 of 3rd period - Deflect By Melker Karlsson.
13:01 of 3rd period - Shot Blocked by Jonathan Blum.
13:01 of 3rd period - Puck is out of play.
13:02 of 3rd period - Melker Karlsson wins face-off versus Colton Gillies in Demolitions zone.
13:07 of 3rd period - Slapshot by Melker Karlsson.
13:07 of 3rd period - Stopped by Antti Raanta with a rebound.
13:09 of 3rd period - Slapshot by Alexei Marchenko.
13:09 of 3rd period - Stopped by Antti Raanta with a rebound.
13:11 of 3rd period - Wrist shot by Melker Karlsson.
13:11 of 3rd period - Stopped by Antti Raanta without a rebound.
13:12 of 3rd period - Melker Karlsson wins face-off versus Colton Gillies in Demolitions zone.
13:27 of 3rd period - Spencer Machacek is hit by Josh Jooris and loses puck.
14:01 of 3rd period - Snap shot by Alex Hutchings.
14:01 of 3rd period - Stopped by Chet Pickard without a rebound.
14:02 of 3rd period - Melker Karlsson wins face-off versus Phil McRae in Mustangs zone.
14:07 of 3rd period - Wrist shot by Josh Jooris.
14:07 of 3rd period - Deflect By Phil McRae.
14:07 of 3rd period - Shot Misses the Net.
14:07 of 3rd period - Puck is out of play.
14:08 of 3rd period - Colton Gillies wins face-off versus Melker Karlsson in Demolitions zone.
14:08 of 3rd period - Colton Gillies is hit by Ben Harpur.
14:42 of 3rd period - Wrist shot by Stefan Matteau.
14:42 of 3rd period - Shot Blocked by Phil Di Giuseppe.
15:45 of 3rd period - Snap shot by Nick Shore.
15:45 of 3rd period - Stopped by Chet Pickard with a rebound.
15:55 of 3rd period - Scott Mayfield is hit by Andrej Nestrasil and loses puck.
16:00 of 3rd period - Slapshot by Cameron Schilling.
16:00 of 3rd period - Stopped by Chet Pickard without a rebound.
16:01 of 3rd period - Phil Di Giuseppe wins face-off versus Stefan Matteau in Mustangs zone.
16:02 of 3rd period - Backhand shot by Andrej Nestrasil.
16:02 of 3rd period - Shot Blocked by Matthew Finn.
16:50 of 3rd period - Snap shot by Matthew Finn.
16:50 of 3rd period - Stopped by Antti Raanta with a rebound.
16:52 of 3rd period - Slapshot by Matthew Finn.
16:52 of 3rd period - Stopped by Antti Raanta with a rebound.
16:54 of 3rd period - Slapshot by Melker Karlsson.
16:54 of 3rd period - Stopped by Antti Raanta with a rebound.
16:56 of 3rd period - Slapshot by Danny Biega.
16:56 of 3rd period - Stopped by Antti Raanta without a rebound.
16:57 of 3rd period - Melker Karlsson wins face-off versus Andrej Nestrasil in Demolitions zone.
16:58 of 3rd period - Wrist shot by Joshua Leivo.
16:58 of 3rd period - Shot Misses the Net.
17:27 of 3rd period - Wrist shot by Spencer Machacek.
17:27 of 3rd period - Shot Misses the Net.
17:29 of 3rd period - Snap shot by Robert Bortuzzo.
17:29 of 3rd period - Shot Blocked by Craig Smith.
17:31 of 3rd period - Snap shot by Spencer Machacek.
17:31 of 3rd period - Shot Misses the Net.
18:10 of 3rd period - Slapshot by Craig Smith.
18:10 of 3rd period - Stopped by Antti Raanta without a rebound.
18:11 of 3rd period - Phil McRae wins face-off versus Josh Jooris in Demolitions zone.
18:18 of 3rd period - Snap shot by Melker Karlsson.
18:18 of 3rd period - Stopped by Antti Raanta with a rebound.
18:20 of 3rd period - Slapshot by Scott Mayfield.
18:20 of 3rd period - Stopped by Antti Raanta without a rebound.
18:21 of 3rd period - Colton Gillies wins face-off versus Melker Karlsson in Demolitions zone.
18:28 of 3rd period - Wrist shot by Melker Karlsson.
18:28 of 3rd period - Shot Blocked by Cameron Schilling.
19:15 of 3rd period - Slapshot by Scott Mayfield.
19:15 of 3rd period - Shot Blocked by Robert Bortuzzo.
19:55 of 3rd period - Wrist shot by Iven Barbashev.
19:55 of 3rd period - Goal by Iven Barbashev - Mustangs : 9 - Demolitions : 5.
19:56 of 3rd period - Melker Karlsson wins face-off versus Colton Gillies in neutral zone.
Goals for this period are 4 for Mustangs vs 1 for Demolitions.
Shots for this period are 19 for Mustangs vs 10 for Demolitions.
Back to the Top